 Dungeon Crawl Stone Soup version 0.31.0-32-g396128a36d (webtiles) character file.

Game seed: 1838999051601758212

574 DemonSlayer the Digger (level 7, -3/48 HPs)
             Began as a Demonspawn Earth Elementalist on Apr 17, 2024.
             Was a Follower of Kikubaaqudgha.
             Slain by a troll (5 damage)
             ... on level 6 of the Dungeon.
             The game lasted 00:12:52 (3859 turns).

DemonSlayer the Digger (DsEE)                       Turns: 3859, Time: 00:12:53

Health: -3/48      AC:  3    Str:  9    XL:     7   Next: 12%
Magic:  3/13       EV: 12    Int: 15    God:    Kikubaaqudgha [*.....]
Gold:   312        SH:  0    Dex: 15    Spells: 3/14 levels left

rFire   . . .        p - +2 dagger (venom)
rCold   . . .        (no shield)
rNeg    . . .        a - +0 robe
rPois   .            m - +0 helmet
rElec   .            (no cloak)
rCorr   +            (no gloves)
SInv    .            (no boots)
Will    .....        j - amulet of magic regeneration
Stlth   ++           l - ring of resist corrosion
HPRegen 0.28/turn    (no ring)
MPRegen 0.53/turn

%: no passive effects
@: very slightly contaminated
A: powered by pain 1, sturdy frame 2, demonic touch 2
a: Renounce Religion, Unearth Wretches


You were on level 6 of the Dungeon.
You worshipped Kikubaaqudgha.
Kikubaaqudgha was aware of your devotion.
You visited 1 branch of the dungeon, and saw 6 of its levels.

You collected 312 gold pieces.

Inventory:

Hand Weapons
 p - a +2 dagger of venom (weapon)
Armour
 a - a +0 robe (worn)
 m - a +0 helmet (worn)
Jewellery
 j - an amulet of magic regeneration (around neck)
 l - a ring of resist corrosion (left hand)
Wands
 w - a wand of iceblast (12)
Scrolls
 e - 2 scrolls of immolation {unknown}
 f - 3 scrolls of torment
 i - a scroll of revelation {unknown}
 k - a scroll of enchant weapon {unknown}
 n - 2 scrolls of brand weapon {unknown}
 o - a scroll of amnesia {unknown}
 q - 2 scrolls of poison {unknown}
 s - a scroll of teleportation {unknown}
 t - a scroll of noise {unknown}
 v - a scroll of acquirement {unknown}
Potions
 b - 2 potions of magic
 c - a potion of berserk rage {unknown}
 d - a potion of curing
 g - 2 potions of attraction {unknown}
 h - 2 potions of mutation
 r - a potion of enlightenment {unknown}
 u - a potion of invisibility {unknown}


   Skills:
 + Level 1.4 Fighting
 + Level 0.2 Polearms
 + Level 2.2 Dodging
 + Level 2.7 Stealth
 + Level 4.4 Spellcasting
 + Level 1.4 Conjurations
 + Level 5.3 Earth Magic


You had 3 spell levels left.
You knew the following spells:

 Your Spells              Type           Power      Damage    Failure   Level
a - Sandblast             Erth           38%        2d10      1%          1
b - Stone Arrow           Conj/Erth      26%        3d8       13%         3
c - Passwall              Erth           19%        N/A       6%          3
d - Petrify               Alch/Erth      11%        N/A       50%         4

Your spell library contained the following spells:

 Spells                   Type           Power      Damage    Failure   Level
 Kiss of Death            Conj/Necr      20%        2d7       13%         1
 Cigotuvi's Dreadful Rot  Necr/Alch/Air  6%         N/A       26%         2
 Sublimation of Blood     Necr           3%         N/A       26%         2
 Confusing Touch          Hex            3%         N/A       45%         3
 Fugue of the Fallen      Necr           3%         N/A       45%         3
 Ozocubu's Armour         Ice            3%         N/A       45%         3
 Tukima's Dance           Hex            3%         N/A       45%         3
 Vampiric Draining        Necr           3%         2d6       45%         3
 Brom's Barrelling Bould  Conj/Erth      13%        2d4       38%         4
 Iskenderun's Mystic Bla  Conj/Tloc      5%         2d3       77%         4
 Dimensional Bullseye     Hex/Tloc       1%         N/A       86%         4
 Dispel Undead            Necr           3%         3d7       86%         4
 Manifold Assault         Tloc           3%         N/A       86%         4


Dungeon Overview and Level Annotations

Branches:
Dungeon (6/15)
 Temple: D:4-7

Altars:
Kikubaaqudgha

Annotations:
D:5 Pikel


Innate Abilities, Weirdness & Mutations

You sometimes gain a little power by taking damage.
Your movements are less encumbered by armour. (ER -4)
Your touch may inflict irresistible damage on your foes.


Message History

Found 18 gold pieces.
There is a stone staircase leading up here.
You see here 18 gold pieces.
The helpless hound fails to defend itself.
You puncture the hound!
The hound is poisoned.
The hound is severely wounded.
The hound closely misses you. The hound bites you.
You miscast Stone Arrow.
You are very lightly contaminated with residual magic.
Nothing appears to happen.
The hound closely misses you.
The stone arrow hits the hound!
You kill the hound!
Kikubaaqudgha accepts your kill.
A troll comes into view.
A troll is nearby!
The stone arrow misses the troll.
The stone arrow hits the troll!
The troll is moderately wounded.
The troll bites you!
You focus on the pain.
You feel your power returning. The troll barely misses you.
The troll closely misses you.
Okay, then.
The stone arrow hits the troll!
The troll is severely wounded.
The troll bites you! The troll closely misses you. x2
The stone arrow hits the troll!
The troll is severely wounded.
The troll barely misses you. x2; The troll closely misses you.
The stone arrow hits the troll!
The troll is almost dead.
The troll bites you. The troll claws you. The troll misses you.
The stone arrow misses the troll.
The troll bites you. The troll misses you. The troll claws you!
* * * LOW HITPOINT WARNING * * *
You barely miss the troll.
The troll is almost dead.
The troll bites you!
* * * LOW HITPOINT WARNING * * *
The troll claws you.
You die...
Kikubaaqudgha rasps: "You have failed me!
Welcome... death!"

...... ......
...... # ##
#...... #.###.
.......
.#.....#..#....
.......T.....#
#..@.# ###<##
#.# ... #####


You could see a troll.

Vanquished Creatures
  A sky beast (D:5)
  A bombardier beetle (D:5)
  An orc priest (D:4)
  A hound (D:6)
  8 orc wizards
  3 iguanas
  An adder (D:5)
  A shadow imp (D:3)
  6 dart slugs
  A ribbon worm (D:2)
  15 orcs
  5 ball pythons
  2 bats
  10 endoplasms
  2 giant cockroaches (D:2)
  2 hobgoblins
  8 jackals (D:2)
  5 kobolds
  3 quokkas
  3 frilled lizards
  4 goblins
  10 rats
93 creatures vanquished.

Notes
Turn   | Place    | Note
-------+----------+-------------------------------------------
     0 | D:1      | DemonSlayer the Demonspawn Earth Elementalist began the
                  | quest for the Orb.
     0 | D:1      | Reached XP level 1. HP: 13/13 MP: 3/3
   145 | D:1      | Found a faded altar of an unknown god.
   165 | D:1      | Reached skill level 3 in Earth Magic
   234 | D:1      | Gained mutation: You sometimes gain a little power by
                  | taking damage. [demonic ancestry]
   234 | D:1      | Reached XP level 2. HP: 20/20 MP: 1/5
   764 | D:2      | Gained mutation: Your touch may inflict minor irresistible
                  | damage on your foes. [demonic ancestry]
   764 | D:2      | Reached XP level 3. HP: 25/25 MP: 6/6
   768 | D:2      | Learned a level 3 spell: Stone Arrow
  1171 | D:2      | Found an ancient bone altar of Kikubaaqudgha.
  1441 | D:2      | Became a worshipper of Kikubaaqudgha
  1680 | D:2      | Learned a level 3 spell: Passwall
  1733 | D:3      | Reached skill level 1 in Fighting
  1733 | D:3      | Reached XP level 4. HP: 31/32 MP: 5/7
  2406 | D:4      | Reached skill level 4 in Earth Magic
  2497 | D:4      | Gained mutation: Your movements are slightly less
                  | encumbered by armour. (ER -2) [demonic ancestry]
  2497 | D:4      | Reached XP level 5. HP: 37/37 MP: 7/9
  3027 | D:4      | Gained mutation: Your movements are less encumbered by
                  | armour. (ER -4) [demonic ancestry]
  3027 | D:4      | Reached XP level 6. HP: 41/43 MP: 11/11
  3033 | D:4      | Reached * piety under Kikubaaqudgha
  3033 | D:4      | Received a gift from Kikubaaqudgha
  3142 | D:4      | Learned a level 4 spell: Petrify
  3303 | D:5      | Entered Level 5 of the Dungeon
  3329 | D:5      | Reached skill level 5 in Earth Magic
  3450 | D:5      | Noticed a sky beast
  3459 | D:5      | Killed a sky beast
  3575 | D:5      | Gained mutation: Your touch may inflict irresistible damage
                  | on your foes. [demonic ancestry]
  3575 | D:5      | Reached XP level 7. HP: 47/48 MP: 4/13
  3733 | D:5      | Noticed Pikel
  3852 | D:6      | Noticed a troll
  3859 | D:6      | HP: 2/48 [troll (11)]
  3859 | D:6      | Slain by a troll

Illustrated notes

Levels and vault maps discovered:
D:1:      ncdulo_watergridlock, layout_basic, basic_ecumenical_altar
D:2:      layout_loops_corners, basic_altar, grunt_ministairs_12
D:3:      layout_basic
D:4:      nicolae_cairo_tiling_large_dashed, layout_basic, chequers_garden
D:5:      layout_rooms, uniq_blork_the_orc, uniq_pikel
D:6:      wander_river, layout_rooms

Skill      XL: |  1  2  3  4  5  6 |
---------------+-------------------+-----
Earth Magic    | 3 4 5 |  5.3
Stealth        | 2 |  2.7
Dodging        | 2 |  2.2
Fighting       | 1 |  1.4
Spellcasting   | 3 4 |  4.4
Polearms       | |  0.2
Conjurations   | |  1.4

Action                     |  1- 3 |  4- 6 |  7- 9 || total
---------------------------+-------+-------+-------++-------
  Melee: Spear             |    50 |     1 |       ||    51
         Touch             |     4 |     6 |       ||    10
         Dagger            |       |    39 |     2 ||    41
         Punch             |       |     1 |       ||     1
   Cast: Sandblast         |    54 |    45 |       ||    99
         Stone Arrow       |       |    18 |     9 ||    27
    Use: Scroll            |     4 |     1 |       ||     5
         Potion            |       |     2 |       ||     2
   Stab: Sleeping          |    11 |     5 |     1 ||    17
 Armour: Robe              |    31 |    62 |     9 ||   102
  Dodge: Dodged            |    37 |    39 |    11 ||    87
